 Dungeon Crawl Stone Soup version 0.31.0-11-ge490571c62 (webtiles) character file.

Game seed: 14093119613177592612

17 qw the Shooter (level 2, 0/16 HPs)
             Began as a Deep Elf Hunter on Feb 5, 2024.
             Succumbed to their own poison gas
             ... on level 1 of the Dungeon.
             The game lasted 00:00:20 (598 turns).

qw the Shooter (Deep Elf Hunter)                     Turns: 598, Time: 00:00:21

Health: 0/16       AC:  5    Str:  8    XL:     2   Next: 44%
Magic:  4/4        EV: 15    Int: 13    God:
Gold:   75         SH:  0    Dex: 18    Spells: 1/1 levels left

rFire   . . .        a - +0 shortbow
rCold   . . .        (shield currently unavailable)
rNeg    . . .        g - +0 ring mail
rPois   .            (no helmet)
rElec   .            (no cloak)
rCorr   .            (no gloves)
SInv    .            (no boots)
Will    +....        (no amulet)
Stlth   +            d - +5 ring of evasion
HPRegen 0.22/turn    f - ring of willpower
MPRegen 0.09/turn

%: no passive effects
@: lethally poisoned (0 -> -6)
A: no striking features
a: no special abilities


You were on level 1 of the Dungeon.
You visited 1 branch of the dungeon, and saw 1 of its levels.

You collected 75 gold pieces.


   Skills:
 - Level 1.5 Fighting
 + Level 6.2 Ranged Weapons
 - Level 2.4 Dodging
 - Level 1.2 Stealth


You had one spell level left.
You didn't know any spells.
Your spell library was empty.

Inventory:

Hand Weapons
 a - a +0 shortbow (weapon)
Armour
 g - a +0 ring mail (worn)
Jewellery
 d - a +5 ring of evasion (left hand)
 f - a ring of willpower (right hand)
Potions
 j - a potion of magic {unknown}
 k - a potion of mutation {unknown}
 n - a potion of lignification {unknown}

Dungeon Overview and Level Annotations

Branches:
Dungeon (1/15)

Altars:


Message History

It is a scroll of identify.
589 ||| IDENTIFYING inky potion;
i - a potion of brilliance Done exploring.
590 ||| READING scroll labelled GUTWITROILA.
As you read the scroll labelled GUTWITROILA, it crumbles to dust.
You feel momentarily disoriented.
It was a scroll of revelation.
Done exploring.
591 ||| DROPPING scroll of butterflies.
You drop a scroll of butterflies.
Done exploring.
592 ||| DROPPING potion of brilliance.
You drop a potion of brilliance.
Done exploring.
What level of the Dungeon? (default 1, ? - help) Sorry, I don't know how to get there.
Enter note:
Enter note:
Enter note:
Enter note:
Enter note:
Enter note:
Enter note:
Enter note:
Enter note:
Enter note:
Enter note:
Enter note: You are engulfed in poison gas.
You are lethally poisoned!
You feel very sick.
594 ||| Stepping ~*~*~tactically~*~*~ (cloud).
You feel very sick.
Things that are here:
a potion of brilliance; a scroll of butterflies; a +0 leather armour
There is a lethal amount of poison in your body!
You feel very sick.
There is a lethal amount of poison in your body!
You feel sick.
There is a lethal amount of poison in your body!
You feel sick.
There is a lethal amount of poison in your body!
You die...

#.#####.# #######.#...#.#
#######.#.#.#.#
################.#.....#
...........>####.###.#######
........###.#....###.......#
##.......##.#.#.......####.#
#.......##...#######.## #.#
#.......###..#.@.0##.####.#
#.......###..#0##.##.#....#
##.#.....#...¤0..#.##.#.####
...#.....#.0¤0#¤.#.##.#.#
####.###.####¤00.#.##.#.#
...#........¤.0¤.#.##.#.#
...#.#.##....0#¤.#.##.#.#########
...#.#.....¤.0##.#.##.#..........
...#.###..##.###.#.##.###########


There were no monsters in sight!

Vanquished Creatures
  3 endoplasms (D:1)
  3 giant cockroaches (D:1)
  2 jackals (D:1)
  A ball python (D:1)
  2 bats (D:1)
  A goblin (D:1)
  2 kobolds (D:1)
  2 rats (D:1)
16 creatures vanquished.

Notes
Turn   | Place    | Note
-------+----------+-------------------------------------------
     0 | D:1      | qw the Deep Elf Hunter began the quest for the Orb.
     0 | D:1      | Reached XP level 1. HP: 12/12 MP: 3/3
     0 | D:1      | 0 ||| qw: Version: 0.3-a-160-g6735b56
     0 | D:1      | 0 ||| qw: Game counter: 6243
     0 | D:1      | 0 ||| qw: Melee chars always use a shield: true
     0 | D:1      | 0 ||| qw: God list: Okawaru
     0 | D:1      | 0 ||| qw: Allow faded altars: false
     0 | D:1      | 0 ||| qw: Do Orc after clearing Dungeon:15 true
     0 | D:1      | 0 ||| qw: Do second Lair branch before Depths: true
     0 | D:1      | 0 ||| qw: Lair rune preference: random
     0 | D:1      | 0 ||| qw: Goals: Normal
     0 | D:1      | 0 ||| PLANNING D:1-11
    94 | D:1      | Reached XP level 2. HP: 16/16 MP: 4/4
   104 | D:1      | Reached skill level 6 in Ranged Weapons
   574 | D:1      | 574 ||| UPGRADING to +0 ring mail.
   584 | D:1      | 584 ||| DROPPING +0 leather armour.
   585 | D:1      | 585 ||| UPGRADING to +5 ring of evasion.
   586 | D:1      | 586 ||| UPGRADING to ring of willpower.
   587 | D:1      | 587 ||| READING scroll labelled NAIZXY YDGHUA.
   588 | D:1      | 588 ||| READING scroll labelled ZEEBEW URIXOU.
   589 | D:1      | 589 ||| READING scroll labelled KEVVEFF JOITUA.
   589 | D:1      | 589 ||| IDENTIFYING inky potion
   590 | D:1      | 590 ||| READING scroll labelled GUTWITROILA.
   591 | D:1      | 591 ||| DROPPING scroll of butterflies.
   592 | D:1      | 592 ||| DROPPING potion of brilliance.
   594 | D:1      | 594 ||| Stepping ~*~*~tactically~*~*~ (cloud).
   596 | D:1      | HP: 3/16 [poisoned by you (poison gas)]
   597 | D:1      | HP: 1/16 [poisoned by you (poison gas)]
   598 | D:1      | Succumbed to their own poison gas

Levels and vault maps discovered:
D:1:      dpeg_arrival_stone_temple_mockup, layout_basic,
          minmay_misc_feat_pillars

Skill      XL: |  1  2 |
---------------+-------+-----
Ranged Weapons | 6 |  6.2
Fighting       | |  1.5
Dodging        | |  2.4
Stealth        | |  1.2

Action                     || total
---------------------------++-------
   Fire: Shortbow          ||    37
    Use: Scroll            ||     4
 Armour: Leather armour    ||     2
  Dodge: Dodged            ||     5

Table legend:
 A = Non-vault XP
 B = Vault XP
 C = Vault XP percentage of total XP
 D = Non-vault monster count
 E = Vault monster count
 F = Vault count percentage of total count
                 A         B        C        D         E       F
            +---------+---------+-------+---------+---------+-------
      Total |      25 |       0 |   0.0 |      16 |       0 |   0.0
            +---------+---------+-------+---------+---------+-------
        D:1 |      25 |       0 |   0.0 |      16 |       0 |   0.0
            +---------+---------+-------+---------+---------+-------
